Map: Canyon of Tribulation

Players

brayan

  • Race: Zerg Zerg
  • Spawn Location: 7:00

zkyone

  • Race: Protoss Protoss
  • Spawn Location: 6:00

CHICHICO

  • Race: Terran Terran
  • League: Gold
  • Spawn Location: 6:00

Throwfordays - Winner!

  • Race: Zerg Zerg
  • League: Silver
  • Spawn Location: 12:00

Cthulhu - Winner!

  • Race: Protoss Protoss
  • Spawn Location: 3:00

Faust - Winner!

  • Race: Zerg Zerg
  • League: Diamond
  • Spawn Location: 12:00

VOD

Have the link to the VOD?

Description

Time

  • Played on: May 14, 2019, 12:33 a.m.
  • Length: 13:56
Show
View Real Time Build Order
Export as new Build Order

brayan Zerg 

Build Orders: Pool First 

Get SALT Encoding   

  12  0:03  Drone  
  13  0:12  Drone  
  14  0:18  Overlord  
  14  0:42  Drone x3  
  17  1:12  Spawning Pool  
  17  1:14  Extractor  
  17  1:15  Drone x2  
  17  1:16  Drone  
  17  1:17  Extractor  
  17  1:32  Drone  
  18  1:42  Drone  
  19  1:55  Evolution Chamber  
  19  1:56  Drone  
  19  1:59  Metabolic Boost  
  19  2:02  Zergling x2  
  20  2:13  Drone  
  21  2:20  Drone  
  22  2:35  Overlord  
  22  2:43  Overlord  
  22  2:53  Queen  
  22  2:56  Zergling x2  
  25  3:13  Drone  
  20  3:44  Drone x2  
  20  3:45  Drone  
  23  4:00  Lair  
  23  4:13  Zergling x6  
  6  4:28  Drone  
  4  4:43  Drone  
  4  4:44  Drone  
  6  4:59  Drone  
  7  5:10  Drone  
  8  5:17  Drone  
  9  5:33  Drone  
  10  5:38  Drone  
  11  5:46  Drone  
  1  6:00  Drone  
  2  6:09  Drone  
  3  6:11  Queen  
  5  6:20  Drone  
  6  6:32  Drone  
  7  6:46  Drone  
  8  6:59  Hatchery  
  7  7:14  Drone x3  
  6  7:36  Drone  
  7  7:56  Drone x2  
  9  8:03  Drone  
  9  8:04  Drone x3  
  13  8:27  Hydralisk Den  
  13  8:28  Drone  
  13  8:33  Drone  
  14  8:39  Drone  
  15  8:42  Drone  
  15  8:47  Drone  
  17  8:58  Hydralisk  
  19  9:03  Drone  
  19  9:08  Overlord  
  20  9:20  Drone x3  
  23  9:28  Hydralisk  
  25  9:32  Hydralisk  
  27  9:42  Pneumatized Carapace  
  27  9:47  Muscular Augments  
  27  9:58  Drone x4  
  31  10:10  Drone x3  
  34  10:20  Queen  
  36  10:28  Hydralisk  
  36  10:33  Overlord  
  40  10:44  Hydralisk x2  
  42  10:52  Drone, Hydralisk  
  42  10:56  Overlord  
  45  11:14  Grooved Spines  
  33  11:29  Hydralisk x3  
  39  11:34  Drone x3  
  39  11:39  Hydralisk  
  44  11:40  Hydralisk  
  44  11:44  Drone  
  44  11:46  Drone  
  48  12:02  Hydralisk x2  
  48  12:08  Drone  
  53  12:17  Hydralisk x3  
  59  12:33  Overlord  
Show
View Real Time Build Order
Export as new Build Order

zkyone Protoss 

Build Orders:  

Get SALT Encoding   

  12  0:12  Pylon  
  12  0:13  Probe  
  13  0:22  Probe  
  14  0:30  Probe  
  14  0:31  Assimilator  
  15  0:41  Assimilator, Probe  
  16  0:55  Gateway  
  16  0:59  Probe  
  17  1:07  Probe  
  17  1:17  Forge, Probe  
  19  1:30  Probe  
  20  1:48  Cybernetics Core  
  20  1:51  Pylon  
  20  1:55  Pylon  
  20  2:00  Probe  
  21  2:20  Nexus  
  21  2:22  Probe  
  22  2:34  Assimilator, Probe  
  23  2:39  Assimilator  
  23  2:44  Pylon  
  23  2:48  Probe  
  23  2:56  Probe  
  25  3:05  Probe  
  26  3:18  Probe  
  27  3:24  Stargate  
  27  3:28  Stargate  
  27  3:30  Probe  
  27  3:31  Pylon  
  27  3:32  Probe  
  28  3:40  Probe  
  29  3:42  Probe  
  31  3:50  Probe  
  31  3:54  Probe  
  33  4:00  Pylon  
  33  4:02  Probe  
  34  4:03  Void Ray  
  34  4:06  Probe  
  35  4:11  Void Ray  
  35  4:14  Probe  
  44  4:26  Probe  
  45  4:34  Probe  
  45  4:38  Probe  
  47  4:46  Probe  
  47  4:47  Void Ray x2  
  47  4:50  Probe  
  53  4:53  Stargate  
  41  5:15  Probe  
  37  5:50  Void Ray  
  37  5:51  Void Ray  
  37  5:52  Probe  
  46  6:04  Probe  
  44  6:13  Probe  
  39  6:21  Probe  
  39  6:23  Void Ray  
  44  6:31  Probe  
  45  6:42  Probe  
  46  6:50  Void Ray  
  46  6:51  Probe  
  50  6:56  Probe  
  50  6:59  Probe  
  53  7:09  Probe  
  51  7:18  Probe  
  51  7:22  Probe  
  53  7:30  Probe x2  
  55  7:40  Probe  
  55  7:42  Probe  
  57  7:50  Probe  
  57  7:52  Void Ray  
  57  7:57  Probe  
  62  7:58  Probe  
  64  8:05  Probe  
  64  8:08  Probe  
  64  8:09  Void Ray  
  66  8:15  Probe  
  67  8:20  Probe  
  72  8:32  Probe  
  73  8:46  Void Ray  
  77  8:52  Probe  
  78  9:01  Pylon  
  78  9:05  Pylon  
  78  9:19  Void Ray, Probe  
  75  9:31  Probe  
  75  9:36  Void Ray  
  75  9:37  Void Ray  
  84  9:42  Probe  
  85  9:50  Nexus, Probe  
  85  9:58  Probe  
  86  10:06  Void Ray  
  91  10:10  Probe  
  92  10:22  Probe  
  93  10:32  Pylon  
  93  10:34  Pylon  
  93  10:37  Assimilator  
  93  10:42  Assimilator  
  93  11:08  Void Ray  
  93  11:09  Void Ray x2  
  105  11:18  Stargate  
  105  11:22  Stargate  
  105  11:33  Fleet Beacon  
  104  11:46  Probe  
  104  11:54  Void Ray, Probe  
  105  11:56  Void Ray  
  114  12:04  Probe  
  114  12:06  Void Ray  
  114  12:07  Void Ray  
  123  12:16  Probe  
  124  12:28  Probe  
  125  12:41  Fleet Beacon  
  125  12:59  Pylon  
  125  13:01  Pylon  
  125  13:02  Pylon  
  125  13:03  Pylon  
  125  13:12  Void Ray x2  
  125  13:15  Probe  
  138  13:27  Probe  
  59  13:39  Probe  
Show
View Real Time Build Order
Export as new Build Order

CHICHICO Terran 

Build Orders:  

Get SALT Encoding   

  12  1:07  Supply Depot  
  12  1:09  SCV  
  13  1:12  Refinery  
  13  1:21  SCV  
  14  1:34  Barracks  
  14  1:35  SCV  
  15  1:40  Refinery  
  15  1:47  SCV  
  16  1:59  SCV  
  17  2:11  SCV  
  17  2:14  Command Center  
  18  2:25  Factory  
  18  2:28  SCV  
  19  2:34  Barracks Tech Lab  
  19  2:40  SCV  
  20  2:54  Orbital Command  
  20  3:12  Supply Depot  
  20  3:15  Stimpack  
  20  3:21  Factory Tech Lab  
  20  3:25  Marine  
  21  3:29  Orbital Command  
  21  3:34  Starport  
  21  3:40  SCV  
  22  3:47  Barracks  
  22  3:52  SCV  
  22  3:53  Widow Mine  
  25  4:03  SCV  
  25  4:04  SCV  
  27  4:11  Marine  
  27  4:15  SCV  
  29  4:18  Factory  
  29  4:24  Siege Tank  
  32  4:27  SCV  
  32  4:29  SCV  
  34  4:39  Starport Tech Lab  
  34  4:41  SCV  
  34  4:44  Marine  
  36  4:47  Barracks Reactor  
  36  4:48  Barracks  
  36  4:51  Refinery  
  36  4:53  SCV x2  
  36  4:56  Refinery  
  38  5:01  Siege Tank  
  38  5:02  Medivac  
  38  5:04  Factory Reactor  
  38  5:05  SCV  
  44  5:14  Marine  
  44  5:17  SCV  
  46  5:29  Combat Shield  
  46  5:33  Supply Depot  
  46  5:35  Supply Depot  
  46  5:54  Marine x3, SCV  
  50  6:06  SCV  
  51  6:12  Marine x3, Widow Mine x2, Starport  
  51  6:13  Barracks Reactor  
  51  6:18  Barracks  
  58  6:31  Medivac  
  60  7:01  Medivac  
  62  7:07  Barracks, Starport Reactor  
  60  7:17  Engineering Bay  
  60  7:19  Marine x2  
  60  7:20  Barracks Reactor  
  62  7:23  Supply Depot  
  62  7:25  Supply Depot  
  62  7:37  Marine  
  62  7:38  Marine  
  62  7:39  Marine  
  62  7:44  Marine, Medivac  
  62  7:45  Marine  
  66  7:55  Marine  
  66  7:56  Marine  
  68  8:03  Supply Depot  
  68  8:04  Supply Depot  
  68  8:06  Supply Depot  
  68  8:09  Barracks  
  68  8:10  Barracks Reactor  
  68  8:11  Marine x2  
  68  8:12  Marine x3  
  73  8:15  Supply Depot  
  73  8:16  Terran Infantry Weapons Level 1  
  73  8:18  Medivac x2  
  77  8:25  Medivac  
  79  8:46  Command Center  
  79  8:48  Medivac x2, Command Center  
  83  8:55  Medivac  
  85  8:59  Widow Mine x2  
  85  9:00  Widow Mine  
  85  9:02  Missile Turret  
  91  9:05  SCV  
  91  9:07  Marine x2  
  94  9:15  Engineering Bay  
  94  9:21  Widow Mine  
  96  9:31  Marine x5  
  99  9:49  Armory  
  99  9:50  Terran Infantry Armor Level 1  
  99  10:06  Refinery  
  86  10:19  Widow Mine x2  
  90  10:27  SCV  
  91  10:29  Barracks Reactor  
  91  10:31  Marine  
  92  10:39  SCV, Supply Depot  
  93  10:45  Widow Mine x2  
  93  10:48  Supply Depot  
  92  11:06  Marine x6  
  92  11:07  Marine  
  92  11:08  Marine x3  
  101  11:23  Marine  
  101  11:24  Marine x2  
  101  11:25  Orbital Command  
  104  11:27  Refinery, Supply Depot  
  104  11:28  Terran Infantry Weapons Level 2  
  104  11:30  Rapid Reignition System  
  100  11:47  Marine x5  
  100  11:48  Marine x4  
  107  11:59  Marine x2  
  76  12:05  Marine x2  
  76  12:06  Marine x2  
  76  12:07  Marine  
  77  12:18  Marine x4  
  78  12:28  Orbital Command  
  71  12:32  SCV  
  71  12:37  Marine  
  60  12:40  Marine x2  
  60  12:44  SCV  
  52  12:57  Marine x2  
  52  12:58  Marine x3  
  56  13:03  Refinery  
  53  13:13  Marine x2  
  53  13:14  Marine  
  53  13:15  Marine x4  
  53  13:16  Marine x3  
  53  13:17  Marine  
  64  13:31  Marine  
  59  13:37  Marine x3  
Show
View Real Time Build Order
Export as new Build Order

Throwfordays Zerg - Winner!

Build Orders: Hatch First, Muta Ling Bane 

Get SALT Encoding   

  12  0:01  Drone  
  13  0:13  Overlord  
  13  0:18  Drone  
  14  0:31  Drone  
  14  0:32  Drone  
  16  0:52  Hatchery  
  16  0:55  Drone  
  16  1:10  Spawning Pool  
  15  1:14  Extractor  
  15  1:15  Drone  
  15  1:18  Drone  
  15  1:23  Drone  
  17  1:35  Drone  
  18  1:41  Drone  
  19  1:50  Overlord  
  19  1:56  Queen  
  19  2:00  Drone  
  22  2:08  Drone  
  23  2:09  Queen  
  25  2:16  Extractor  
  25  2:17  Metabolic Boost  
  25  2:20  Zergling x2  
  25  2:24  Drone  
  25  2:27  Zergling x2  
  27  2:37  Zergling x2  
  27  2:41  Drone x2  
  30  2:44  Drone  
  31  2:53  Drone  
  32  3:03  Drone  
  33  3:06  Drone x2  
  33  3:09  Overlord  
  33  3:10  Overlord  
  35  3:13  Drone  
  36  3:42  Evolution Chamber  
  36  3:43  Drone x3  
  36  3:47  Drone x4  
  42  3:50  Drone x3  
  45  3:56  Zergling x6  
  45  4:01  Evolution Chamber  
  47  4:03  Baneling Nest  
  47  4:04  Roach Warren  
  47  4:07  Zergling x2  
  47  4:08  Zerg Melee Weapons Level 1  
  45  4:24  Zergling x6  
  45  4:27  Zerg Ground Armor Level 1  
  48  4:31  Drone x3  
  48  4:34  Overlord x3  
  48  4:37  Extractor  
  48  4:38  Extractor  
  49  4:43  Drone x2  
  51  5:00  Lair  
  51  5:04  Drone x3  
  51  5:06  Drone x2  
  56  5:11  Drone  
  57  5:30  Drone x2  
  59  5:35  Zergling x2  
  59  5:36  Zergling x6  
  59  6:12  Baneling x2  
  55  6:22  Spire  
  54  6:27  Spire  
  54  6:29  Drone x3  
  56  6:46  Hatchery  
  55  6:50  Extractor  
  55  6:53  Extractor, Hatchery  
  52  6:54  Extractor  
  51  7:08  Extractor  
  50  7:10  Centrifical Hooks  
  50  7:19  Zerg Melee Weapons Level 2  
  50  7:20  Zerg Ground Armor Level 2  
  49  7:33  Drone x3  
  49  7:36  Drone x4  
  56  7:40  Drone x2  
  56  7:43  Drone x3  
  61  7:45  Mutalisk  
  61  7:46  Mutalisk x6  
  61  7:49  Zerg Flyer Weapons Level 1  
  61  7:50  Zerg Flyer Armor Level 1  
  75  7:54  Overlord  
  75  7:59  Overlord x3  
  75  8:02  Queen  
  75  8:04  Drone  
  78  8:07  Drone  
  78  8:08  Queen  
  81  8:15  Baneling x8  
  81  8:24  Mutalisk x2  
  81  8:26  Mutalisk x3  
  91  8:34  Drone x2  
  91  8:35  Drone  
  91  8:37  Drone x3  
  91  8:40  Drone x2  
  91  8:41  Drone  
  100  8:45  Drone x2  
  100  8:46  Drone  
  103  9:09  Drone x3  
  106  9:12  Drone  
  106  9:13  Drone x2  
  106  9:16  Mutalisk x4  
  113  9:20  Mutalisk  
  119  9:25  Overlord  
  119  9:26  Overlord x2  
  119  9:30  Drone  
  120  9:38  Overlord x2  
  120  9:40  Overlord x3  
  120  9:44  Zerg Flyer Weapons Level 2  
  120  9:45  Zerg Flyer Armor Level 2  
  120  9:51  Infestation Pit  
  113  10:40  Mutalisk x2  
  113  10:41  Mutalisk x4  
  125  10:44  Mutalisk x2  
  125  10:45  Mutalisk  
  125  10:47  Mutalisk x2  
  125  10:48  Mutalisk x2  
  139  10:53  Hive  
  135  11:24  Mutalisk x5  
  145  11:36  Drone x2  
  145  11:39  Drone x4  
  151  11:41  Mutalisk x2  
  151  11:44  Mutalisk x3  
  151  11:46  Mutalisk x2  
  165  11:58  Mutalisk x4  
  173  12:15  Mutalisk x4  
Show
View Real Time Build Order
Export as new Build Order

Cthulhu Protoss - Winner!

Build Orders:  

Get SALT Encoding   

  12  0:01  Probe  
  13  0:13  Probe  
  14  0:20  Pylon  
  14  0:27  Probe  
  15  0:39  Probe  
  16  0:45  Pylon  
  16  0:51  Probe  
  17  1:03  Probe  
  18  1:10  Gateway  
  18  1:15  Probe  
  18  1:16  Forge  
  19  1:20  Assimilator  
  19  1:27  Probe  
  20  1:39  Probe  
  21  1:58  Nexus  
  21  2:08  Pylon  
  21  2:13  Pylon, Probe  
  21  2:14  Zealot  
  24  2:32  Cybernetics Core  
  24  2:36  Photon Cannon  
  24  2:54  Photon Cannon  
  24  3:00  Warp Gate  
  24  3:04  Assimilator, Probe  
  25  3:07  Assimilator  
  25  3:08  Zealot  
  25  3:09  Assimilator  
  25  3:12  Probe  
  28  3:20  Probe  
  29  3:30  Probe  
  29  3:33  Probe  
  31  3:43  Probe  
  31  3:45  Probe  
  33  3:56  Gateway  
  33  3:57  Gateway  
  33  4:03  Pylon  
  33  4:34  Probe x2  
  35  4:41  Photon Cannon  
  35  4:42  Photon Cannon  
  35  4:44  Photon Cannon  
  35  4:45  Pylon  
  35  4:46  Probe  
  35  4:48  Pylon  
  35  4:52  Probe  
  37  4:55  Zealot x3  
  37  4:58  Probe  
  44  5:09  Probe  
  44  5:10  Probe  
  46  5:22  Pylon  
  46  5:23  Pylon  
  46  5:24  Photon Cannon  
  46  5:32  Stalker x3  
  48  5:58  Probe x2  
  48  6:00  Stalker x3  
  56  6:09  Photon Cannon  
  56  6:10  Probe x2  
  56  6:11  Photon Cannon  
  58  6:21  Probe x2  
  59  6:32  Stalker x2  
  64  6:39  Twilight Council  
  64  6:43  Pylon  
  64  6:44  Pylon  
  64  7:01  Robotics Facility  
  64  7:04  Stalker x2  
  64  7:05  Stalker  
  70  7:19  Probe  
  70  7:20  Probe  
  72  7:37  Nexus, Probe  
  72  7:38  Probe  
  72  7:43  Nexus  
  74  7:45  Probe  
  74  7:46  Protoss Ground Weapons Level 1, Probe  
  74  7:47  Blink  
  76  7:55  Templar Archives  
  76  8:04  Stalker x2  
  80  8:13  Assimilator  
  80  8:19  Assimilator  
  80  8:23  Probe  
  80  8:24  Probe  
  82  8:39  Psionic Storm  
  82  8:43  Probe  
  82  8:44  Probe  
  84  8:51  Probe  
  84  8:52  Probe  
  84  8:53  Probe  
  84  8:55  Observer, Probe  
  86  8:59  Probe  
  89  9:04  Probe  
  89  9:05  Stalker  
  89  9:06  High Templar x2  
  97  9:13  Observer, Gateway  
  97  9:14  Gateway  
  98  9:17  Shield Battery, Photon Cannon  
  98  9:19  Pylon  
  98  9:21  Pylon  
  98  9:24  Gateway  
  98  9:33  Gateway  
  98  9:34  Gateway  
  98  9:35  Probe x3  
  98  9:36  Gateway, Probe  
  98  9:38  Assimilator, Protoss Ground Armor Level 1  
  96  9:47  Probe  
  97  9:57  Forge  
  97  9:59  Pylon  
  97  10:02  Pylon  
  97  10:04  Probe x3  
  97  10:05  Probe  
  101  10:10  Charge  
  101  10:16  Probe x3  
  101  10:17  Probe  
  105  10:26  Observer, High Templar x4  
  105  10:27  High Templar x2  
  118  10:37  High Templar x3  
  124  10:45  Observer  
  123  11:06  Observer  
  122  11:27  Observer  
  80  12:43  Archon  
  80  12:46  High Templar  
  80  12:47  High Templar x6  
  80  12:48  High Templar x2  
  98  13:03  Immortal  
  94  13:10  Probe  
  94  13:11  Probe  
  100  13:21  Archon  
  100  13:22  Archon x2  
  100  13:23  Archon  
Show
View Real Time Build Order
Export as new Build Order

Faust Zerg - Winner!

Build Orders: Hatch First, Muta Ling Bane 

Get SALT Encoding   

  12  0:01  Drone  
  13  0:11  Drone  
  14  0:16  Extractor  
  14  0:17  Drone  
  15  0:23  Overlord  
  15  0:41  Drone  
  15  0:42  Drone  
  17  0:55  Hatchery  
  16  1:00  Drone  
  17  1:04  Extractor  
  17  1:05  Drone  
  17  1:20  Spawning Pool  
  17  1:22  Drone  
  17  1:24  Drone  
  18  1:28  Drone  
  19  1:39  Overlord  
  19  2:07  Metabolic Boost  
  19  2:08  Queen x2  
  23  2:09  Zergling x2  
  23  2:11  Zergling x2  
  23  2:14  Zergling x2  
  26  2:18  Zergling x2  
  27  2:24  Overlord  
  27  2:38  Baneling Nest, Drone  
  27  2:40  Drone  
  28  2:50  Drone x3  
  31  3:00  Lair  
  31  3:03  Drone  
  32  3:06  Drone  
  34  3:12  Drone  
  34  3:13  Drone  
  35  3:22  Overlord x2  
  33  3:40  Baneling x4  
  33  3:41  Drone x3  
  33  3:42  Drone x3  
  33  3:47  Extractor  
  38  3:53  Drone  
  39  4:03  Hatchery  
  36  4:18  Drone x3  
  39  4:27  Extractor  
  39  4:28  Extractor, Drone  
  39  4:29  Drone x2  
  39  4:30  Drone x3  
  44  4:31  Drone x3  
  44  4:32  Drone  
  47  4:45  Spire  
  46  4:53  Drone x2  
  46  4:54  Drone x2  
  50  5:02  Drone  
  51  5:11  Spore Crawler  
  50  5:14  Spore Crawler  
  49  5:34  Overlord x3  
  49  5:36  Drone  
  49  5:37  Drone x8  
  49  5:41  Extractor  
  49  5:42  Extractor  
  56  5:44  Queen  
  59  5:50  Drone x3  
  59  5:51  Drone x2  
  63  5:59  Drone  
  63  6:04  Zerg Flyer Weapons Level 1  
  64  6:08  Mutalisk  
  64  6:09  Mutalisk x7  
  80  6:23  Mutalisk  
  80  6:24  Mutalisk  
  84  6:31  Infestation Pit  
  83  6:46  Drone  
  83  6:47  Drone x6  
  85  6:49  Spore Crawler  
  87  7:13  Mutalisk  
  89  7:18  Overlord x2  
  89  7:19  Overlord  
  89  7:27  Zergling x2  
  88  7:49  Mutalisk x6  
  88  7:50  Mutalisk  
  102  7:53  Zergling x2, Centrifical Hooks  
  102  7:54  Zergling x22  
  102  7:57  Overlord  
  114  8:25  Hive  
  114  8:30  Evolution Chamber  
  114  8:31  Evolution Chamber  
  112  8:43  Hatchery  
  112  8:44  Extractor  
  110  8:50  Baneling x4  
  79  9:40  Adrenal Glands  
  79  9:43  Zerg Melee Weapons Level 1, Zerg Ground Armor Level 1  
  79  9:47  Ultralisk Cavern  
  79  9:48  Zerg Flyer Weapons Level 2  
  79  9:51  Mutalisk x9  
  79  9:52  Mutalisk x3  
  102  9:54  Zergling x14  
  102  9:55  Zergling x14  
  116  10:01  Drone x2  
  116  10:06  Queen  
  120  10:17  Drone  
  120  10:18  Drone x6  
  127  10:50  Chitinous Plating  
  127  10:55  Extractor  
  126  11:13  Burrow, Pneumatized Carapace  
  126  11:18  Drone  
  127  11:19  Overlord  
  127  11:20  Overlord x5  
  125  11:50  Drone x3  
  125  11:52  Drone x2  
  130  11:58  Hatchery  
  129  12:04  Extractor  
  129  12:07  Extractor  
  127  12:08  Anabolic Synthesis  
  106  12:47  Mutalisk  
  106  12:48  Mutalisk x18  
  143  12:51  Baneling  
  143  12:52  Baneling x2  
  143  12:56  Drone x2  
  143  12:57  Drone x3  
  143  12:58  Drone  
  149  13:03  Viper  
  152  13:10  Viper  
  155  13:14  Queen  
  157  13:31  Zergling x16  
  157  13:32  Zergling x22  
  182  13:34  Baneling  
  182  13:35  Baneling x5  
  182  13:36  Overlord x4  
  182  13:37  Overlord  
Tags
 
Add a new tag
Caveats
  • Supply blocks, unpowered buildings, or Contaminate may cause inaccurate times.
  • Supply counts are checked every 10 seconds.